 Dungeon Crawl Stone Soup version 0.32-a0-433-g08bcfe7efd (webtiles) character file.

Game seed: 13130835049973451239

23 CougarLife the Digger (level 3, 19/19 HPs)
             Began as a Gargoyle Earth Elementalist on Feb 23, 2024.
             Quit the game on level 2 of the Dungeon.
             The game lasted 00:00:36 (1008 turns).

CougarLife the Digger (Gargoyle Earth Elementalist) Turns: 1008, Time: 00:00:37

Health: 19/19      AC:  5    Str: 13    XL:     3   Next: 0%
Magic:  6/6        EV: 11    Int: 15    God:
Gold:   72         SH:  0    Dex: 10    Spells: 5/6 levels left

rFire   . . .        g - +0 dagger
rCold   . . .        (no shield)
rNeg    + . .        a - +0 robe
rPois   ∞            (no helmet)
rElec   +            (no cloak)
rCorr   .            (no gloves)
SInv    .            (no boots)
Will    .....        (no amulet)
Stlth   ++           (no ring)
HPRegen 0.23/turn    (no ring)
MPRegen 0.10/turn

%: no passive effects
@: no status effects
A: sickness immunity, AC +3, negative energy resistance 1, electricity
resistance, torment resistance 1, petrification resistance
a: no special abilities


You were on level 2 of the Dungeon.
You visited 1 branch of the dungeon, and saw 2 of its levels.

You collected 72 gold pieces.

Inventory:

Hand Weapons
 g - a +0 dagger (weapon)
Armour
 a - a +0 robe (worn)
Scrolls
 c - 2 scrolls of vulnerability {unknown}
 e - a scroll of identify {unknown}
 h - a scroll of fog {unknown}
 i - a scroll of noise {unknown}
 j - a scroll of teleportation {unknown}
 k - a scroll of revelation {unknown}
 l - a scroll of brand weapon {unknown}
Potions
 b - a potion of magic
 d - a potion of might {unknown}
 f - a potion of brilliance {unknown}


   Skills:
 - Level 1.5 Dodging
 - Level 2.1 Stealth
 + Level 2.4 Spellcasting
 + Level 2.0 Conjurations
 + Level 4.0 Earth Magic


You had 5 spell levels left.
You knew the following spells:

 Your Spells              Type           Power      Damage    Failure   Level
a - Sandblast             Erth           28%        2d8       4%          1

Your spell library contained the following spells:

 Spells                   Type           Power      Damage    Failure   Level
 Passwall                 Erth           14%        N/A       12%         3
 Stone Arrow              Conj/Erth      20%        3d8       19%         3
 Brom's Barrelling Bould  Conj/Erth      10%        2d3       52%         4
 Petrify                  Alch/Erth      7%         N/A       67%         4


Dungeon Overview and Level Annotations

Branches:
Dungeon (2/15)

Altars:


Innate Abilities, Weirdness & Mutations

You are immune to sickness and miasma.
Your stone body is resilient. (AC +3)
You are immune to poison.
You resist negative energy. (rN+)
You are resistant to electric shocks. (rElec)
You are resistant to unholy torment.
You are immune to petrification.


Message History

Nothing appears to happen.
You barely miss the frilled lizard.
The frilled lizard bites you but does no damage.
A frilled lizard is nearby!
The blast of sand hits the frilled lizard.
You kill the frilled lizard!
Your magical contamination has completely faded away.
Key pressed, stopping explore.
No target in view!
You can't see any susceptible monsters within range! (Use Z to cast anyway.)
A ball python comes into view.
The ball python hisses angrily.
The blast of sand misses the ball python.
The ball python bites you. The ball python grabs you.
The ball python constricts you.
You closely miss the ball python. The ball python barely misses you.
The ball python constricts you.
A ball python is nearby!
The blast of sand hits the ball python.
You kill the ball python!
Key pressed, stopping explore.
No target in view!
You can't see any susceptible monsters within range! (Use Z to cast anyway.) No target in view!
You see here a ball python corpse.
A giant cockroach comes into view.
Found 18 gold pieces.
The blast of sand hits the giant cockroach.
You kill the giant cockroach!
Your Conjurations skill increases to level 2!
You have reached level 3!
Your experience leads to an increase in your attributes!
Increase (S)trength, (I)ntelligence, or (D)exterity?
You feel stronger. x2
You see here a giant cockroach corpse.
You now have 72 gold pieces (gained 18).
An adder comes into view.
The adder hisses angrily.
An adder is nearby!
Are you sure you want to abandon this character and quit the game? (Confirm with "yes".)

#......# #.#
#.#### #.######
#.####.#... #.#
#......#... #†#
######.####
#.#### ###
#....# ####.# #
#.##..# #@....#
..S............
####
##########....#
#... ##### #.##
#.#< #.#. #.#.
#.#< #.##


You could see an adder.

Vanquished Creatures
  A ribbon worm (D:2)
  4 ball pythons
  2 bats (D:1)
  3 endoplasms (D:1)
  A giant cockroach (D:2)
  2 goblins (D:1)
  3 quokkas (D:1)
  A frilled lizard (D:2)
  A rat (D:1)
18 creatures vanquished.

Notes
Turn   | Place    | Note
-------+----------+-------------------------------------------
     0 | D:1      | CougarLife the Gargoyle Earth Elementalist began the quest
                  | for the Orb.
     0 | D:1      | Reached XP level 1. HP: 10/10 MP: 3/3
   236 | D:1      | Reached XP level 2. HP: 15/15 MP: 3/5
   734 | D:1      | Reached skill level 4 in Earth Magic
   977 | D:2      | Reached XP level 3. HP: 19/19 MP: 4/6
  1008 | D:2      | Quit the game

Illustrated notes

Levels and vault maps discovered:
D:1:      amcnicky_arrival_underground_garden, layout_basic
D:2:      minmay_angry_zag, layout_basic, minmay_misc_feat_rugged

Skill      XL: |  1  2 |
---------------+-------+-----
Earth Magic    | 4 |  4.0
Conjurations   | 2 |  2.0
Dodging        | |  1.5
Stealth        | |  2.1
Spellcasting   | |  2.4

Action                     || total
---------------------------++-------
  Melee: Unarmed           ||     8
         Dagger            ||     6
   Cast: Sandblast         ||    27
 Armour: Robe              ||    12
  Dodge: Dodged            ||    11

Table legend: (Time is in decaauts)
 A = Elapsed time spent in this place.
 B = Non-inter-level travel time spent in this place.
 C = Inter-level travel time spent in this place.
 D = Time resting spent in this place.
 E = Time spent auto-exploring this place.
 F = Levels seen in this place.
 G = Mean time per level.
                   A        B        C        D        E       F      G
               +--------+--------+--------+--------+--------+-----+--------+
         Total |   1020 |   1009 |     11 |     37 |    845 |   2 |  510.0 |
       Dungeon |   1020 |   1009 |     11 |     37 |    845 |   2 |  510.0 |
               +--------+--------+--------+--------+--------+-----+--------+

Top non-repeatable levels by time:
     D:1: 788 daAuts
     D:2: 232 daAuts
